Map: Chain of Ascension

Players

Cthulhu

  • Race: Zerg Zerg

Throwfordays

  • Race: Terran Terran
  • League: Bronze
  • Spawn Location: 11:00

VOD

Have the link to the VOD?

Description

Time

  • Played on: Jan. 27, 2019, 8:27 p.m.
  • Length: 33:05
Show
View Real Time Build Order
Export as new Build Order

Cthulhu Zerg 

Build Orders:  

Get SALT Encoding   

  12  0:03  Infested SCV  
  13  0:37  Infested SCV  
  14  0:43  Infested Barracks  
  14  0:51  Infested SCV, Infested Refinery  
  14  0:59  Overlord  
  15  1:24  Infested Engineering Bay  
  15  1:27  Infested SCV  
  15  1:28  Infested SCV  
  17  2:06  Infested SCV  
  18  2:21  Anaerobic Enhancement  
  18  2:26  Infested Refinery  
  18  2:30  Infested SCV  
  19  2:55  Infested Marine  
  20  3:06  Infested Barracks Tech Lab  
  20  3:21  Infestation Level 1  
  20  3:46  Stukov Infantry Weapons Level 1  
  20  3:51  Infested SCV x2  
  20  3:52  Infested SCV  
  20  3:53  Overlord  
  22  4:51  Infested Marine  
  22  4:54  Overlord x2  
  23  5:07  Infested Marine  
  22  5:20  Overlord x3  
  22  5:21  Overlord  
  21  5:50  Infested Factory  
  21  5:55  Unknown  
  21  6:04  Infestation Level 2  
  21  6:25  Retinal Augmentation  
  21  6:26  Stukov Infantry Armor Level 1  
  25  6:52  Infested Bunker  
  25  7:10  Infested SCV x5  
  25  7:17  Infested Factory Tech Lab  
  30  8:28  Infested SCV x3  
  30  8:29  Infested SCV  
  34  8:31  Infested SCV  
  35  8:40  Infested Armory  
  35  8:45  Infested Starport  
  39  9:02  Infested Bunker  
  39  9:06  Stukov Infantry Weapons Level 2  
  43  9:20  Infested Bunker  
  43  9:48  Infested Missile Turret  
  43  10:13  Infested Bunker  
  47  11:22  Infested Bunker  
  47  11:26  Infested Bunker  
  51  11:36  Infested Starport Tech Lab  
  51  11:45  Aggressive Incubation  
  51  12:16  Stukov Infantry Armor Level 2, Infestation Level 3, Infested Bunker  
  55  12:49  Infested Bunker  
  63  13:00  Infested Bunker  
  63  13:03  Infested SCV  
  64  13:34  Infested Bunker  
  68  13:55  Overlord x3  
  64  15:09  Infested Bunker  
  68  15:31  Stukov Infantry Weapons Level 3  
  68  15:51  Overseer  
  68  15:55  Infested Bunker  
  68  15:58  Infested Bunker  
  75  16:26  Infested Bunker  
  79  17:36  Infested Command Center  
  79  18:04  Infested Bunker  
  87  18:14  Infested Bunker  
  87  18:18  Infested Bunker  
  91  18:42  Overlord  
  91  18:43  Overlord x4  
  91  19:11  Stukov Infantry Armor Level 3  
  91  19:33  Infested Bunker  
  91  19:34  Infested Bunker  
  91  19:35  Infested Bunker  
  91  19:37  Infested Bunker x4  
  91  19:39  Infested Bunker x3  
  91  19:42  Infested Bunker x2  
  91  21:07  Infested Colonist Compound  
  91  22:04  Infested SCV x2  
  91  22:05  Infested SCV x3  
  91  22:09  Infested SCV  
  97  22:10  Infested SCV x4  
  105  22:42  Infested Bunker x2  
  105  22:44  Infested Bunker  
  105  22:46  Infested Bunker  
  105  22:49  Infested Bunker  
  125  22:53  Infested Bunker x2  
  125  22:55  Infested SCV  
  125  22:58  Infested Bunker  
  134  23:57  Infested Bunker  
  134  23:59  Infested Bunker  
  142  25:23  Infested Colonist Compound  
  142  25:59  Infested Missile Turret  
  141  27:47  Infested Bunker  
  141  27:48  Infested Bunker x2  
  141  27:50  Infested Bunker x2  
  141  27:52  Infested Bunker x2  
  141  27:53  Infested Bunker  
  141  27:54  Infested Bunker x4  
  141  27:55  Infested Bunker x3  
  141  27:56  Infested Bunker  
  141  27:58  Infested Bunker  
  141  27:59  Infested Bunker  
  141  28:00  Infested Bunker  
  141  28:02  Infested Bunker x3  
  137  28:26  Infested Missile Turret  
  132  29:07  Infested Bunker  
  132  29:08  Infested Bunker  
  132  29:19  Infested Bunker  
  123  29:20  Infested Bunker  
  123  29:22  Infested Bunker  
  123  29:23  Infested Bunker x2  
  123  29:28  Infested Bunker  
  102  29:40  Infested Bunker  
  102  29:43  Infested Bunker  
  102  29:45  Infested Bunker x3  
  102  29:46  Infested Bunker  
  102  29:47  Infested Bunker x2  
  102  29:50  Infested Bunker  
  102  29:51  Infested Bunker  
  78  31:42  Infested Colonist Compound  
  77  32:26  Infested SCV  
  77  32:27  Infested SCV  
  77  32:28  Infested SCV  
  77  32:29  Infested SCV x2  
  90  32:38  Infested Bunker  
Show
View Real Time Build Order
Export as new Build Order

Throwfordays Terran 

Build Orders:  

Get SALT Encoding   

  12  0:04  SCV  
  13  0:21  SCV  
  14  0:37  SCV  
  15  0:54  SCV  
  16  1:11  SCV  
  16  1:14  Barracks  
  17  1:28  SCV  
  18  1:45  SCV  
  19  2:02  SCV  
  20  2:19  SCV  
  21  2:22  Refinery  
  21  2:24  Refinery  
  21  2:33  Elite Marine  
  21  2:36  SCV  
  26  2:41  Engineering Bay  
  26  2:53  SCV  
  27  3:10  SCV  
  28  3:20  Railgun Turret  
  28  3:27  SCV  
  29  3:44  SCV  
  30  4:01  SCV  
  31  4:17  Factory  
  31  4:55  Terran Infantry Weapons Level 1  
  31  5:23  Barracks Tech Lab  
  31  5:25  Factory Tech Lab  
  31  5:29  SCV  
  32  5:38  Railgun Turret  
  32  5:43  Railgun Turret  
  32  5:46  SCV  
  31  6:14  Railgun Turret  
  31  6:17  Missile Turret  
  31  6:19  Hellbat Rangers  
  34  7:30  Railgun Turret  
  34  7:32  Ghost Visor  
  34  7:35  Terran Infantry Armor Level 1  
  33  8:32  Elite Marine  
  33  8:36  Laser Targeting System  
  37  9:36  Suppression Shells  
  37  10:13  Defensive Drone  
  35  10:36  EMP Round  
  34  11:32  Structure Armor  
  34  11:34  Infernal Pre-Igniter  
  34  11:41  SCV  
  32  11:58  SCV  
  33  12:30  Elite Marine  
  33  12:31  Hellbat Rangers  
  33  12:34  Ares-Class Targeting System, Hellbat Rangers  
  45  13:34  Spider Mines  
  45  14:14  Command Center  
  45  14:50  Strike Goliath  
  45  14:51  Strike Goliath  
  57  15:54  Spec Ops Ghost  
  61  16:36  Refinery, SCV  
  62  16:42  SCV  
  62  16:53  SCV  
  62  16:59  SCV  
  62  17:10  SCV  
  62  17:13  Refinery  
  62  17:16  SCV  
  61  17:27  SCV  
  62  17:33  SCV  
  63  17:44  SCV  
  64  17:50  SCV  
  65  18:09  Elite Marine  
  69  18:11  Hellbat Rangers  
  69  18:15  Hellbat Rangers  
  77  18:28  SCV  
  78  18:45  SCV  
  73  19:02  SCV  
  74  19:17  Armory  
  74  19:19  SCV  
  75  19:36  SCV  
  76  20:09  SCV  
  75  20:26  SCV, Starport  
  70  20:43  SCV  
  69  21:48  Strike Goliath  
  69  21:49  Strike Goliath  
  81  21:55  SCV  
  82  22:00  Terran Vehicle and Ship Weapons Level 1  
  82  22:02  Terran Infantry Weapons Level 2  
  82  22:06  Starport Tech Lab  
  82  22:12  SCV  
  83  22:29  SCV  
  82  22:38  Elite Marine  
  82  22:39  Hellbat Rangers  
  90  22:42  Spec Ops Ghost  
  94  22:55  SCV  
  93  23:12  SCV  
  87  24:10  Instant Regeneration  
  55  25:11  Hellbat Rangers  
  55  25:12  Hellbat Rangers  
  55  25:13  Hellbat Rangers  
  61  25:24  SCV  
  58  25:41  SCV  
  59  25:58  SCV  
  57  26:15  SCV  
  57  26:18  Hellbat Rangers  
  62  26:21  Strike Goliath  
  62  26:28  Spec Ops Ghost  
  62  26:29  Spec Ops Ghost  
  70  26:32  SCV  
  63  27:55  Elite Marine  
  63  27:56  Hellbat Rangers  
  63  27:59  Spec Ops Ghost  
  69  29:18  Raid Liberator  
  71  29:45  Defensive Drone  
  71  29:53  SCV  
  71  29:58  SCV  
  72  30:10  SCV  
  72  30:15  SCV  
  74  30:27  SCV  
  75  30:32  SCV  
  75  30:33  Hellbat Rangers  
  75  30:34  Strike Goliath  
  75  31:43  Instant Regeneration  
  64  32:05  Spec Ops Ghost  
  68  32:47  Griffin Airstrike  
Tags
 
Commander
NovaStukov
League
Bronze
Matchup
Co-op
Replay Pack
Multiplayer
Add a new tag
Caveats
  • Supply blocks, unpowered buildings, or Contaminate may cause inaccurate times.
  • Supply counts are checked every 10 seconds.